 Dungeon Crawl Stone Soup version 0.22.1-1-ga44c0e5 (webtiles) character file.

85 MalarOregon the Chiller (level 4, -6/32 HPs)
             Began as a Merfolk Ice Elementalist on Nov 11, 2018.
             Killed by divine providence
             ... invoked by an orc priest
              (10 damage)
             ... on level 3 of the Dungeon.
             The game lasted 00:04:44 (2067 turns).

MalarOregon the Chiller (Merfolk Ice Elementalist)  Turns: 2067, Time: 00:04:45

Health: -6/32      AC:  3    Str:  8    XL:     4   Next: 48%
Magic:  1/7        EV: 13    Int: 15    God:
Gold:   88         SH:  4    Dex: 14    Spells: 4/7 levels left

rFire    . . .     SeeInvis .   (no weapon)
rCold    . . .     Gourm    .   c - +0 buckler
rNeg     . . .     Faith    .   a - +0 robe
rPois    .         Spirit   .   (no helmet)
rElec    .         Reflect  .   (no cloak)
rCorr    .         Harm     .   d - +0 pair of gloves
MR       .....                  (no boots)
Stlth    ++........             (no amulet)
HPRegen  0.10/turn              g - ring of flight
MPRegen  0.10/turn              (no ring)

@: no status effects
A: change form in water, swift swim, stealthy swim
a: Evoke Flight


You were on level 3 of the Dungeon.
You were not hungry.

You visited 1 branch of the dungeon, and saw 3 of its levels.

You collected 88 gold pieces.

Inventory:

Armour
 a - a +0 robe (worn)
 c - a +0 buckler (worn)
   (You found it on level 2 of the Dungeon)
 d - a +0 pair of gloves (worn)
   (You found it on level 1 of the Dungeon)
Jewellery
 g - a ring of flight (left hand)
   (You found it on level 1 of the Dungeon)
Scrolls
 b - 3 scrolls of remove curse {@r2}
 h - 2 scrolls of teleportation {@r4}
 i - 2 scrolls of identify {@r1}
Potions
 f - a potion of invisibility {unknown}
 j - a potion of curing {unknown}
 l - a potion of magic {unknown}
Comestibles
 e - 9 rations {!d}
 k - a chunk of flesh


   Skills:
 + Level 1.5 Fighting
 + Level 3.6 Dodging
 - Level 2.1 Stealth
 + Level 0.8 Shields
 + Level 2.3 Spellcasting
 + Level 1.2 Conjurations
 * Level 4.1 Ice Magic


You had 4 spell levels left.
You knew the following spells:

 Your Spells              Type           Power        Failure   Level  Hunger
a - Freeze                Ice            ##..         6%          1    #......
x - Throw Frost           Conj/Ice       #.....       16%         2    ###....

Your spell library contained the following spells:

 Spells                   Type           Power        Failure   Level  Hunger
 Ozocubu's Armour         Chrm/Ice       #.......     38%         3    ###....
 Throw Icicle             Conj/Ice       #.......     71%         4    #####..
 Summon Ice Beast         Ice/Summ       #.......     80%         4    #####..


Dungeon Overview and Level Annotations

Branches:
Dungeon (3/15)

Altars:
Ru
Yredelemnul


Message History

An orc comes into view. It is wielding a flail.
The orc priest shouts!
You hear a shout! x2
There is an open door here.
Items here: ! $ )) [ † The orc shouts!
A kobold comes into view.
Aim: an orc, wielding a flail and wearing a leather armour You freeze the orc.
The orc closely misses you.
The orc priest calls down the wrath of Beogh upon you.
Beogh smites you!
Aim: an orc, wielding a flail and wearing a leather armour (moderately wounded)
You freeze the orc.
You kill the orc!
An orc priest comes into view. It is wielding a dagger.
The orc priest looks encouraged for a moment.
The orc priest mumbles some strange prayers to Beogh against you.
Beogh smites you!
Ouch! That really hurt!
* * * LOW HITPOINT WARNING * * *
You close the door, pushing everything out of the way.
Things that are here:
a short sword; a mace; a kobold corpse An orc priest opens the door.
An orc comes into view.
You close the door.
An orc priest opens the door.
You close the door.
There's nothing to close nearby.
There's nothing to close nearby.
There's nothing to close nearby.
There's nothing to close nearby.
There's nothing to close nearby.
There's nothing to close nearby.
There's nothing to close nearby.
There's nothing to close nearby.
There's nothing to close nearby.
There's nothing to close nearby.
There's nothing to close nearby.
There's nothing to close nearby.
There's nothing to close nearby.
There's nothing to close nearby.
There's nothing to close nearby.
There's nothing to close nearby.
There's nothing to close nearby.
There's nothing to close nearby.
There's nothing to close nearby.
There's nothing to close nearby.
You start resting.
The orc priest invokes the aid of Beogh against you.
Beogh smites you!
You die...

### #.# #<# #.#
#####.#
###.....#
#......###
#...)÷@'!#
#.....$#o#
#......#.o...'..
#......#K#####.o
#......#.#
#......#..
#......#.#
########.# #.#


You could see 2 orc priests.

Vanquished Creatures
  A worker ant (D:2)
  2 adders (D:2)
  2 oozes
  A dart slug (D:2)
  3 orcs (D:3)
  2 giant cockroaches (D:1)
  A goblin (D:1)
  4 hobgoblins
  5 kobolds
  4 bats
  4 frilled lizards
  5 rats
34 creatures vanquished.

Notes
Turn   | Place    | Note
-------+----------+-------------------------------------------
     0 | D:1      | MalarOregon the Merfolk Ice Elementalist began the quest
                  | for the Orb.
     0 | D:1      | Reached XP level 1. HP: 13/13 MP: 3/3
   270 | D:1      | Reached XP level 2. HP: 3/20 MP: 0/5
   545 | D:1      | Learned a level 2 spell: Throw Frost
   869 | D:1      | Reached skill level 1 in Fighting
  1034 | D:2      | Found a basalt altar of Yredelemnul.
  1332 | D:2      | Reached XP level 3. HP: 26/26 MP: 2/6
  1355 | D:2      | Reached skill level 1 in Conjurations
  1359 | D:2      | Found a sacrificial altar of Ru.
  1629 | D:2      | Reached skill level 4 in Ice Magic
  1629 | D:2      | Reached XP level 4. HP: 25/32 MP: 0/7
  2067 | D:3      | Killed from afar by an orc priest

Skill      XL: |  1  2  3 |
---------------+----------+-----
Dodging        | 3 |  3.6
Fighting       | 1 |  1.5
Conjurations   | 1 |  1.2
Ice Magic      | 4 |  4.1
Stealth        | |  2.1
Shields        | |  0.8
Spellcasting   | |  2.3

Action                   |  1- 3 |  4- 6 || total
-------------------------+-------+-------++-------
Melee: Unarmed           |    14 |       ||    14
 Cast: Freeze            |    46 |    20 ||    66
       Throw Frost       |       |     1 ||     1
  Use: Scroll            |     5 |       ||     5
  Eat: Chunk             |     3 |     2 ||     5
Armor: Robe              |     8 |       ||     8
Dodge: Dodged            |    29 |     6 ||    35
Block: Buckler           |       |     2 ||     2
